 Dungeon Crawl Stone Soup version 0.28.0 (webtiles) character file.

Game seed: 15978352515512458831

81 funkygono the Firebug (level 4, 0/24 HPs)
             Began as a Gargoyle Fire Elementalist on Feb 14, 2022.
             Slain by a gnoll sergeant (6 damage)
             ... on level 3 of the Dungeon.
             The game lasted 00:03:57 (1807 turns).

funkygono the Firebug (Gargoyle Fire Elementalist)  Turns: 1807, Time: 00:03:58

Health: 0/24       AC:  6    Str: 12    XL:     4   Next: 40%
Magic:  3/8        EV: 12    Int: 17    God:
Gold:   37         SH:  0    Dex: 10    Spells: 2/8 levels left

rFire   . . .      SeeInvis .   l - +0 mace
rCold   . . .      Faith    .   (no shield)
rNeg    + . .      Spirit   .   a - +0 robe
rPois   ∞          Reflect  .   d - +1 hat
rElec   +          Harm     .   (no cloak)
rCorr   .          Rampage  .   (no gloves)
Will    .....                   (no boots)
Stlth   ++........              j - amulet of magic regeneration
HPRegen 0.08/turn               (no ring)
MPRegen 0.51/turn               (no ring)

@: no status effects
A: sickness immunity, AC +3, negative energy resistance 1, electricity
resistance, torment resistance 1, petrification resistance
a: no special abilities


You were on level 3 of the Dungeon.
You visited 1 branch of the dungeon, and saw 3 of its levels.

You collected 37 gold pieces.

Inventory:

Hand Weapons
 l - a +0 mace (weapon)
Missiles
 c - 43 stones
Armour
 a - a +0 robe (worn)
 b - a +0 buckler
 d - a +1 hat (worn)
 h - a +0 ring mail
Jewellery
 i - an amulet of reflection
 j - an amulet of magic regeneration (around neck)
Scrolls
 m - a scroll of amnesia {unknown}
 n - a scroll of noise {unknown}
Potions
 e - a potion of mutation {unknown}
 f - 2 potions of curing
 g - a potion of attraction {unknown}
 k - a potion of might {unknown}


   Skills:
 + Level 1.6 Dodging
 - Level 2.1 Stealth
 * Level 2.8 Spellcasting
 * Level 2.1 Conjurations
 * Level 4.1 Fire Magic


You had 2 spell levels left.
You knew the following spells:

 Your Spells              Type           Power      Damage    Failure   Level
a - Foxfire               Conj/Fire      52%        2x1d6     4%          1
b - Scorch                Fire           32%        2d6       4%          2
c - Conjure Flame         Conj/Fire      13%        6-21      14%         3

Your spell library contained the following spells:

 Spells                   Type           Power      Damage    Failure   Level
 Inner Flame              Hex/Fire       9%         N/A       22%         3
 Flame Wave               Conj/Fire      13%        2d6       43%         4


Dungeon Overview and Level Annotations

Branches:
Dungeon (3/15)

Altars:


Innate Abilities, Weirdness & Mutations

You are immune to sickness and miasma.
Your stone body is resilient. (AC +3)
You are immune to poison.
You resist negative energy. (rN+)
You are resistant to electric shocks. (rElec)
You are resistant to unholy torment.
You are immune to petrification.


Message History

The gnoll is severely wounded.
The foxfire hits the gnoll sergeant.
The gnoll sergeant is lightly wounded.
The foxfire hits the gnoll.
The gnoll is almost dead.
Casting: Foxfire (safe; 4% risk of failure)
Confirm with . or Enter, or press ? or * to list all spells.
You conjure some foxfire!
The foxfire hits the gnoll.
You kill the gnoll!
The foxfire hits the gnoll sergeant but does no damage.
The gnoll sergeant is lightly wounded.
The foxfire hits the gnoll sergeant but does no damage.
The gnoll sergeant is lightly wounded.
Your Fire Magic skill increases to level 4!
Casting: Foxfire (safe; 4% risk of failure)
Confirm with . or Enter, or press ? or * to list all spells.
You conjure some foxfire!
The gnoll sergeant hits you from afar with a +0 spear!
Unknown command.
Casting: Foxfire (safe; 4% risk of failure)
Confirm with . or Enter, or press ? or * to list all spells.
You conjure some foxfire!
The foxfire hits the gnoll sergeant.
The gnoll sergeant is lightly wounded.
The foxfire hits the gnoll sergeant but does no damage.
The gnoll sergeant is lightly wounded.
A gnoll comes into view. It is wielding a +0 spear.
The gnoll sergeant hits you from afar with a +0 spear!
* * * LOW HITPOINT WARNING * * *
Casting: Foxfire (safe; 4% risk of failure)
Confirm with . or Enter, or press ? or * to list all spells.
You conjure some foxfire!
The foxfire hits the gnoll sergeant.
The gnoll sergeant is lightly wounded.
The foxfire hits the gnoll sergeant.
The gnoll sergeant is moderately wounded.
The foxfire hits the gnoll sergeant but does no damage.
The gnoll sergeant is moderately wounded.
The foxfire hits the gnoll sergeant but does no damage.
The gnoll sergeant is moderately wounded.
The gnoll sergeant hits you from afar with a +0 spear.
You die...

####.##.##.# #.##.##.#
.# #.##.†..# .#
#.#####.# ..#
#.#####.### ..###
####.........# ......
..#####.##.#.#####....##
..#####.#..#...v§§......
...............v@§§.....
..####....##...§§.......
..# #.......#####g...##
### #.#..#### ......
#.#..# g.### #.>..# ..#
######..#.# .#
..........# .#
.##########


You could see a gnoll sergeant (ally target) and a gnoll.

Vanquished Creatures
  A gnoll (D:3)
  3 adders
  3 dart slugs
  An endoplasm (D:1)
  3 giant cockroaches
  4 goblins
  2 hobgoblins (D:2)
  3 jackals (D:1)
  2 quokkas
  2 ball pythons
  6 bats
  2 frilled lizards
  2 kobolds
  5 rats
39 creatures vanquished.

Vanquished Creatures (others)
  109 foxfires
109 creatures vanquished.

Grand Total: 148 creatures vanquished

Notes
Turn   | Place    | Note
-------+----------+-------------------------------------------
     0 | D:1      | funkygono the Gargoyle Fire Elementalist began the quest
                  | for the Orb.
     0 | D:1      | Reached XP level 1. HP: 10/10 MP: 3/3
   162 | D:1      | Reached XP level 2. HP: 11/15 MP: 0/5
   399 | D:1      | Learned a level 2 spell: Scorch
   816 | D:2      | Reached XP level 3. HP: 10/19 MP: 0/6
   820 | D:2      | Learned a level 3 spell: Conjure Flame
  1645 | D:3      | Reached XP level 4. HP: 24/24 MP: 5/8
  1799 | D:3      | Noticed a gnoll sergeant
  1805 | D:3      | Reached skill level 4 in Fire Magic
  1807 | D:3      | Slain by a gnoll sergeant

Illustrated notes

Levels and vault maps discovered:
D:1:      saegor_arrival_miasma, layout_rooms, grunt_decor_one_mirror
D:2:      layout_rooms
D:3:      layout_loops_cross, minmay_overflow_temple_hex, basic_ecumenical_altar

Skill      XL: |  1  2  3  4 |
---------------+-------------+-----
Conjurations   | 2 |  2.1
Fire Magic     | 4 |  4.1
Dodging        | |  1.6
Stealth        | |  2.1
Spellcasting   | |  2.8

Action                   |  1- 3 |  4- 6 || total
-------------------------+-------+-------++-------
Melee: Club              |     1 |       ||     1
 Cast: Foxfire           |    52 |    15 ||    67
       Scorch            |     6 |     2 ||     8
  Use: Scroll            |     1 |       ||     1
Armor: Robe              |    14 |     4 ||    18
Dodge: Dodged            |    43 |     4 ||    47
